 Dungeon Crawl Stone Soup version 0.23.2-30-g0e89c35649 (webtiles) character file.

Game seed: 12173014622827288830

2871 Solarlg the Spear-Bearer (level 9, -7/86 HPs)
             Began as a Minotaur Monk on June 11, 2019.
             Was a Believer of the Shining One.
             Mangled by Harold
             ... wielding a +1 short sword of speed
              (8 damage)
             ... on level 7 of the Dungeon.
             The game lasted 00:28:46 (7431 turns).

Solarlg the Spear-Bearer (Minotaur Monk)            Turns: 7431, Time: 00:28:47

Health: -7/86      AC:  4    Str: 19      XL:     9   Next: 47%
Magic:  6/8        EV: 18    Int:  7      God:    the Shining One [**....]
Gold:   379        SH:  6    Dex: 12 (13) Spells: 8/8 levels left

rFire    + . .     SeeInvis .   a - +0 spear
rCold    . . .     Gourm    .   (no shield)
rNeg     + . .     Faith    .   y - +1 leather armour {rF+}
rPois    .         Spirit   .   (helmet restricted)
rElec    .         Reflect  .   (no cloak)
rCorr    .         Harm     .   (no gloves)
MR       .....                  (no boots)
Stlth    +.........             (no amulet)
HPRegen  0.24/turn              i - +5 ring of evasion
MPRegen  0.11/turn              (no ring)

@: divine shield, marked, glowing
A: retaliatory headbutt, horns 2
a: Divine Shield, Renounce Religion


You were on level 7 of the Dungeon.
You worshipped the Shining One.
The Shining One was pleased with you.
You were not hungry.

You visited 2 branches of the dungeon, and saw 8 of its levels.

You collected 379 gold pieces.

Inventory:

Hand Weapons
 a - a +0 spear (weapon)
Missiles
 q - 6 silver tomahawks (quivered)
Armour
 b - a +0 robe
 e - a +0 ring mail
 f - a +0 plate armour
 o - a +2 robe of resistance
 y - a +1 leather armour of fire resistance (worn)
Jewellery
 i - a +5 ring of evasion (left hand)
 w - an uncursed amulet of harm
 C - a +1 ring of evasion
 H - an uncursed ring of poison resistance
Wands
 x - a wand of flame (8)
 G - a wand of polymorph (3)
Scrolls
 j - 7 scrolls of identify
 k - 2 scrolls of magic mapping {unknown}
 m - 3 scrolls of teleportation {unknown}
 p - 2 scrolls of enchant weapon {unknown}
 r - 3 scrolls of immolation {unknown}
 u - 2 scrolls of amnesia {unknown}
 v - 3 scrolls of remove curse {unknown}
 D - a scroll of noise {unknown}
 E - a scroll of enchant armour {unknown}
Potions
 d - a potion of degeneration {unknown}
 g - a potion of brilliance {unknown}
 h - 3 potions of mutation {unknown}
 l - a potion of agility
 n - a potion of berserk rage {unknown}
 s - 2 potions of ambrosia {unknown}
 t - 2 potions of cancellation {unknown}
 z - a potion of lignification {unknown}
 B - 2 potions of flight {unknown}
 F - a potion of haste {unknown}
Comestibles
 c - 15 rations
 A - 6 chunks of flesh


   Skills:
 + Level 10.9 Fighting
 - Level 12.0 Polearms
 - Level 3.2 Dodging
 - Level 1.5 Stealth


You had 8 spell levels left.
You didn't know any spells.
Your spell library contained the following spells:

 Spells                   Type           Power        Failure   Level  Hunger
 Passwall                 Tmut/Erth      #.......     63%         2    ###....
 Swiftness                Chrm/Air       #.......     63%         2    ###....
 Passage of Golubria      Tloc           N/A          99%         4    #####..
 Lee's Rapid Deconstruct  Erth           #.........   100%        5    ######.
 Darkness                 Hex            #.........   100%        6    #######
 Invisibility             Hex            #.......     100%        6    #######


Dungeon Overview and Level Annotations

Branches:
Dungeon (7/15)             Temple (1/1) D:6

Altars:
Ashenzari
Cheibriados
Dithmenos
Elyvilon
Fedhas
Gozag
Kikubaaqudgha
Makhleb
Ru
Sif Muna
Trog
Uskayaw
Vehumet
Xom
Yredelemnul
Zin
The Shining One

Annotations:
D:7 Harold


Innate Abilities, Weirdness & Mutations

You reflexively headbutt those who attack you in melee.
You have a pair of horns on your head.


Message History

Aim: Harold, wielding a +1 short sword of speed and wearing a +1 chain mail of fire resistance (almost dead, haloed)
The puff of flame hits Harold but does no damage.
Harold is almost dead.
Harold closely misses you.
You hit Harold but do no damage.
Harold is almost dead.
Harold casts a spell at you. The mark upon you grows brighter.
You hit Harold but do no damage.
Harold is almost dead.
You hit Harold. Your headbutt misses Harold.
Harold is almost dead.
Harold hits you with a +1 short sword of speed.
* * * LOW HITPOINT WARNING * * *
You hit Harold but do no damage.
Harold is almost dead.
You completely miss Harold.
Harold is almost dead.
Harold hits you with a +1 short sword of speed!
You die...

#. ## #.# #.#
#.# #.# #.#
######.#####
..........(.#
###.#######.#
#@# #@# #.#
#.# #.# #.#
#.# #.#


You could see Harold.

Vanquished Creatures
  The ghost of Sassenached the Firebug, an amateur DrFE (D:5)
  Prince Ribbit (D:6)
  The ghost of Colt1911 the Sneak, an amateur SpEn (D:3)
  Menkaure (D:6)
  An orc warrior (D:6)
  A phantom (D:4)
  2 black bears (D:6)
  2 ice beasts (D:5)
  A sky beast (D:7)
  4 ogres
  A centaur (D:7)
  A bullfrog (D:6)
  5 scorpions
  A quasit (D:7)
  2 crimson imps (D:5)
  4 orc priests
  3 bullfrog skeletons
  5 orc wizards
  Jessica (D:2)
  3 iguanas
  Natasha (D:2)
  3 worker ants
  A killer bee zombie (D:5)
  A hound skeleton (D:4)
  A worker ant zombie (D:7)
  6 adders
  An ooze (D:1)
  An adder skeleton (D:5)
  2 worms
  5 dart slugs
  5 leopard geckos
  20 orcs
  3 ball pythons
  6 giant cockroaches
  4 goblins
  10 hobgoblins
  2 jackals (D:4)
  16 kobolds
  5 quokkas
  A ball python skeleton (D:5)
  4 bats
  4 frilled lizards
  7 rats
150 creatures vanquished.

Notes
Turn   | Place    | Note
-------+----------+-------------------------------------------
     0 | D:1      | Solarlg the Minotaur Monk began the quest for the Orb.
     0 | D:1      | Reached XP level 1. HP: 19/19 MP: 0/0
    46 | D:1      | Reached skill level 4 in Polearms
   218 | D:1      | Reached XP level 2. HP: 26/26 MP: 1/1
   464 | D:1      | Reached skill level 5 in Polearms
   740 | D:1      | Reached XP level 3. HP: 31/31 MP: 2/2
   827 | D:2      | Found an ancient bone altar of Kikubaaqudgha.
   913 | D:2      | Noticed Jessica
   952 | D:2      | Killed Jessica
   952 | D:2      | Reached skill level 6 in Polearms
   952 | D:2      | Reached XP level 4. HP: 25/39 MP: 3/3
  1493 | D:3      | Noticed Natasha
  1513 | D:2      | Killed Natasha
  1620 | D:3      | Reached XP level 5. HP: 45/45 MP: 4/4
  1634 | D:3      | Reached skill level 7 in Polearms
  2155 | D:3      | Found a runed translucent gate.
  2157 | D:3      | Found a runed translucent gate.
  2157 | D:3      | Found a runed translucent gate.
  2157 | D:3      | Noticed Colt1911's ghost (amateur SpEn)
  2207 | D:3      | Killed Colt1911's ghost
  2207 | D:3      | Reached skill level 8 in Polearms
  2207 | D:3      | Reached XP level 6. HP: 43/51 MP: 5/5
  2836 | D:4      | Reached skill level 9 in Polearms
  3680 | D:3      | Reached XP level 7. HP: 9/57 MP: 6/6
  3975 | D:4      | Reached skill level 10 in Polearms
  4360 | D:5      | Entered Level 5 of the Dungeon
  4446 | D:5      | Reached skill level 11 in Polearms
  4588 | D:5      | Reached XP level 8. HP: 64/64 MP: 7/7
  4635 | D:4      | Reached skill level 12 in Polearms
  4897 | D:5      | Reached skill level 5 in Fighting
  5113 | D:5      | Noticed Sassenached's ghost (amateur DrFE)
  5131 | D:5      | Found a transporter.
  5146 | D:5      | Found a transporter.
  5415 | D:5      | Killed Sassenached's ghost
  5661 | D:6      | Noticed Menkaure
  6045 | D:6      | Killed Menkaure
  6057 | D:6      | Reached XP level 9. HP: 57/82 MP: 8/8
  6215 | D:6      | Noticed Prince Ribbit
  6241 | D:6      | Killed Prince Ribbit
  6289 | D:6      | Found a staircase to the Ecumenical Temple.
  6319 | Temple   | Entered the Ecumenical Temple
  6501 | Temple   | Became a worshipper of the Shining One
  6501 | Temple   | Reached * piety under the Shining One
  6501 | Temple   | Reached ** piety under the Shining One
  7103 | D:7      | Reached skill level 10 in Fighting
  7323 | D:7      | Found a shattered altar of Ashenzari.
  7390 | D:7      | Noticed Harold
  7429 | D:7      | HP: 1/86 [Harold/+1 short sword of speed (6)]
  7431 | D:7      | Mangled by Harold

Skill      XL: |  1  2  3  4  5  6  7  8  9 |
---------------+----------------------------+-----
Polearms       | 4 5 6 8 9 11 12 | 12.0
Fighting       | 8 10 | 10.9
Dodging        | |  3.2
Stealth        | |  1.5

Action                   |  1- 3 |  4- 6 |  7- 9 || total
-------------------------+-------+-------+-------++-------
Melee: Spear             |    87 |   193 |   422 ||   702
       Headbutt          |    14 |    22 |    81 ||   117
Invok: Divine Shield     |       |       |     1 ||     1
Evoke: Wand              |       |       |     6 ||     6
  Use: Scroll            |       |     3 |     1 ||     4
       Potion            |       |       |     3 ||     3
 Stab: Sleeping          |     2 |     1 |     1 ||     4
       Distracted        |       |     1 |       ||     1
  Eat: Chunk             |       |     8 |    13 ||    21
Armor: Ring mail         |     7 |    15 |       ||    22
       Leather armour    |       |     5 |    21 ||    26
Dodge: Dodged            |    26 |    80 |   167 ||   273
